 Dungeon Crawl Stone Soup version 0.31-a0-983-g7b6862f502 (webtiles) character file.

Game seed: 4734137590020557280

107 lunkers the Insei (level 4, -4/34 HPs)
             Began as a Demigod Shapeshifter on Nov 2, 2023.
             Slain by Duvessa
             ... wielding a +0 rapier
              (9 damage)
             ... on level 4 of the Dungeon.
             The game lasted 00:02:14 (1064 turns).

lunkers the Insei (Demigod Shapeshifter)            Turns: 1064, Time: 00:02:14

Health: -4/34      AC:  3    Str: 15    XL:     4   Next: 32%
Magic:  6/6        EV: 12    Int: 12    God:
Gold:   68         SH:  0    Dex: 17    Spells: 3/3 levels left

rFire   . .          .
                       - Unarmed
rCold   . . .        (no shield)
rNeg    . . .        g - +0 leather armour
rPois   .            (helmet currently unavailable)
rElec   .            (cloak currently unavailable)
rCorr   .            (gloves currently unavailable)
SInv    .            (boots currently unavailable)
Will    .....        (no amulet)
Stlth   +            (no ring)
HPRegen 0.25/turn    (no ring)
MPRegen 0.10/turn

%: no passive effects
@: beast-form
A: beast (slay +1), high MP 1, forlorn, divine attributes
a: Begin Untransformation


You were on level 4 of the Dungeon.
You were a hulking beast.
You visited 1 branch of the dungeon, and saw 3 of its levels.

You collected 68 gold pieces.

Inventory:

Armour
 f - a +2 cloak
 g - a +0 leather armour (worn)
Talismans
 c - a beast talisman
 d - a flux talisman


   Skills:
 - Level 0.8 Fighting
 - Level 1.7 Dodging
 * Level 4.3 Unarmed Combat
 + Level 3.4 Shapeshifting


You had 3 spell levels left.
You didn't know any spells.
Your spell library was empty.

Dungeon Overview and Level Annotations

Branches:
Dungeon (4/15)
 Temple: D:4-7

Annotations:
D:4 Dowan, Duvessa


Innate Abilities, Weirdness & Mutations

You are a hulking beast.
Your limbs bulge with bestial killing power. (Slay +1)
You have an increased reservoir of magic. (+10% MP)
You shall have no god before yourself.
Your divine heritage dramatically boosts your attributes as you level up.


Message History

Your +0 leather armour unmelds from your body.
You turn into a hulking beast.
Items here: )) ††.
You see here a +0 spear.
You hear the brisk rusting of a distant drain.
HP restored.
Duvessa and Dowan come into view.
Dowan is wielding a +1 dagger of freezing.
Duvessa shouts!
Duvessa hits you with a +0 rapier!
You hit Duvessa but do no damage. Duvessa hits you with a +0 rapier.
* * * LOW HITPOINT WARNING * * *
Dowan gestures wildly while chanting.
Dowan blinks!
Okay, then.
You aren't carrying any potions.
You hit Duvessa but do no damage.
Unknown command.
You hit Duvessa but do no damage. Duvessa hits you with a +0 rapier.
* * * LOW HITPOINT WARNING * * *
You hit Duvessa.
Duvessa is lightly wounded.
Duvessa barely misses you.
Unknown command.
You hit Duvessa but do no damage.
Duvessa is lightly wounded.
Duvessa hits you with a +0 rapier!
* * * LOW HITPOINT WARNING * * *
You hit Duvessa but do no damage.
Duvessa is lightly wounded.
Duvessa closely misses you.
Unknown command.
You completely miss Duvessa.
Duvessa is lightly wounded.
Duvessa hits you with a +0 rapier.
* * * LOW HITPOINT WARNING * * *
You closely miss Duvessa.
Duvessa is lightly wounded.
Duvessa hits you with a +0 rapier!
You die...

######...#####
#............#
#######...##.# ##.##
# #.# ##.# # ####..#
#. #.....#
#.#########.#
#.♣♣♣♣♣♣ ♣"..hee....#
#.♣)...♣♣♣♣.#########
#..)P♣.♣....#
##♣♣♣P♣..♣♣## ♣♣♣♣♣♣


You could see Duvessa and Dowan.

Vanquished Creatures
  Crazy Yiuf (D:4)
  3 gnolls (D:4)
  An adder (D:4)
  A dart slug (D:4)
  3 ball pythons (D:1)
  3 endoplasms
  2 giant cockroaches
  6 goblins
  2 hobgoblins
  6 jackals
  A kobold (D:4)
  A quokka (D:1)
  2 bats (D:1)
  5 rats (D:1)
37 creatures vanquished.

Notes
Turn   | Place    | Note
-------+----------+-------------------------------------------
     0 | D:1      | lunkers the Demigod Shapeshifter began the quest for the
                  | Orb.
     0 | D:1      | Reached XP level 1. HP: 15/15 MP: 3/3
    80 | D:1      | Reached skill level 3 in Unarmed Combat
   220 | D:1      | Reached XP level 2. HP: 18/22 MP: 4/4
   253 | D:1      | Noticed a shining eye
   261 | D:1      | Noticed a shining eye
   266 | D:1      | Noticed an eye of devastation
   479 | D:2      | Reached XP level 3. HP: 27/27 MP: 5/5
   590 | D:2      | You fall into a shaft and drop 2 floors!
   728 | D:4      | Found a runed translucent door.
   729 | D:4      | Noticed Crazy Yiuf
   795 | D:4      | Noticed an ogre
   861 | D:4      | Killed Crazy Yiuf
   862 | D:4      | Reached skill level 4 in Unarmed Combat
   990 | D:4      | Reached XP level 4. HP: 31/34 MP: 6/6
  1054 | D:4      | Noticed Duvessa
  1054 | D:4      | Noticed Dowan
  1064 | D:4      | Slain by Duvessa

Illustrated notes

Levels and vault maps discovered:
D:1:      scummos_arrival_star, layout_loops_ring,
          hellmonk_ecumenical_altar_watching_god
D:2:      minmay_recursive_quarters, layout_basic, uniq_terence
D:4:      layout_loops_ring, serial_forest, infiniplex_forest_straight_2,
          infiniplex_forest_zigzag_1, infiniplex_forest_clump_C,
          infiniplex_forest_straight_2, infiniplex_forest_clump_diagonal,
          infiniplex_forest_side_room, gup_sewer_entry_bubbles, uniq_duvessa,
          uniq_crazy_yiuf_cottage, uniq_edmund

Skill      XL: |  1  2  3 |
---------------+----------+-----
Unarmed Combat | 3 4 |  4.3
Shapeshifting  | 3 |  3.4
Fighting       | |  0.8
Dodging        | |  1.7

Action                     |  1- 3 |  4- 6 || total
---------------------------+-------+-------++-------
  Melee: Unarmed           |   101 |    13 ||   114
         Punch             |     2 |       ||     2
    Use: Potion            |     2 |       ||     2
         Scroll            |     1 |       ||     1
   Stab: Sleeping          |     2 |       ||     2
 Armour: Animal skin       |    61 |       ||    61
         Skin              |     8 |     4 ||    12
         Leather armour    |     4 |     6 ||    10
  Dodge: Dodged            |    62 |     3 ||    65

Table legend: (Time is in decaauts)
 A = Elapsed time spent in this place.
 B = Non-inter-level travel time spent in this place.
 C = Inter-level travel time spent in this place.
 D = Time resting spent in this place.
 E = Time spent auto-exploring this place.
 F = Levels seen in this place.
 G = Mean time per level.
                   A        B        C        D        E       F      G
               +--------+--------+--------+--------+--------+-----+--------+
         Total |   1056 |    978 |     78 |     47 |    652 |   3 |  352.0 |
       Dungeon |   1056 |    978 |     78 |     47 |    652 |   3 |  352.0 |
               +--------+--------+--------+--------+--------+-----+--------+

Top non-repeatable levels by time:
     D:4: 471 daAuts
     D:1: 379 daAuts
     D:2: 204 daAuts
